 Dungeon Crawl Stone Soup version 0.28-a0-1567-g1695149f81 (webtiles) character file.

Game seed: 15368243775535812752

428 Bediveer the Skirmisher (level 6, -23/57 HPs)
             Began as a Minotaur Fighter on Jan 20, 2022.
             Was an Initiate of Hepliaklqana.
             Killed from afar by an oklob plant (36 damage)
             ... with a splash of acid
             ... created by the enmity of Fedhas Madash
             ... on level 4 of the Dungeon.
             The game lasted 00:08:09 (3213 turns).

Bediveer the Skirmisher (Minotaur Fighter)          Turns: 3213, Time: 00:08:10

Health: -23/57     AC:  4    Str: 28    XL:     6   Next: 65%
Magic:  5/5        EV:  8    Int:  5    God:    Hepliaklqana [......]
Gold:   189        SH:  9    Dex: 10    Spells: 5/5 levels left

rFire   . . .      SeeInvis .   a - +1 war axe
rCold   . . .      Faith    .   g - +1 kite shield
rNeg    . . .      Spirit   .   b - +0 scale mail
rPois   .          Reflect  .   (helmet restricted)
rElec   .          Harm     .   j - +0 cloak
rCorr   .          Rampage  .   (no gloves)
Will    .....                   (no boots)
Stlth   ..........              (no amulet)
HPRegen 0.19/turn               i - +6 ring of strength
MPRegen 0.09/turn               (no ring)

@: corroded
A: horns 2, retaliatory headbutt
a: Renounce Religion


You were on level 4 of the Dungeon.
You worshipped Hepliaklqana.
Hepliaklqana was noncommittal.
You visited 2 branches of the dungeon, and saw 5 of its levels.

You collected 189 gold pieces.

Inventory:

Hand Weapons
 a - a +1 war axe (weapon)
Armour
 b - a +0 scale mail (worn)
 g - a +1 kite shield (worn)
 j - a +0 cloak (worn)
Jewellery
 i - a +6 ring of strength (left hand)
 p - a ring of resist corrosion
Wands
 s - a wand of polymorph (5)
Scrolls
 c - 5 scrolls of identify {unknown}
 f - a scroll of amnesia
 m - a scroll of fear
 r - a scroll of enchant weapon
Potions
 d - a potion of might
 e - 2 potions of curing {unknown}
 h - a potion of lignification {unknown}
 l - 2 potions of heal wounds {unknown}
 o - a potion of mutation {unknown}
 q - 2 potions of degeneration {unknown}


   Skills:
 + Level 6.0 Fighting
 + Level 5.3 Axes
 + Level 5.3 Armour
 + Level 4.6 Shields


You had 5 spell levels left.
You didn't know any spells.
Your spell library contained the following spells:

 Spells                   Type           Power      Damage    Failure   Level
 Corpse Rot               Necr/Air       0%         N/A       99%         2
 Poisonous Vapours        Pois/Air       0%         N/A       99%         2
 Sublimation of Blood     Necr           0%         N/A       99%         2
 Call Canine Familiar     Summ           0%         N/A       100%        3
 Portal Projectile        Hex/Tloc       0%         N/A       100%        3
 Leda's Liquefaction      Hex/Erth       0%         N/A       100%        4
 Petrify                  Tmut/Erth      0%         N/A       100%        4
 Blade Hands              Tmut           0%         N/A       100%        5
 Excruciating Wounds      Necr           0%         N/A       100%        5
 Irradiate                Conj/Tmut      0%         3d13      100%        5


Dungeon Overview and Level Annotations

Branches:
Dungeon (4/15)             Temple (1/1) D:4

Altars:
Cheibriados
Elyvilon
Fedhas
Hepliaklqana
Nemelex Xobeh
Qazlal
Ru
Trog
Uskayaw
Wu Jian
Yredelemnul

Shops:
D:4 [(?

Annotations:
D:4 exclusion: 2 oklob plants


Innate Abilities, Weirdness & Mutations

You have a pair of horns on your head.
You reflexively headbutt those who attack you in melee.


Message History

No target in view!
No target in view!
No target in view!
No target in view!
No target in view!
No target in view!
No target in view!
No target in view!
No target in view!
No target in view!
No target in view!
No target in view!
No target in view!
You see here a howler monkey corpse.
f - a scroll of amnesia
Items here: ( ) [ †.
Found a whip.
You now have 189 gold pieces (gained 18).
There is a stone staircase leading up here.
Plants grow around you in an ominous manner.
Marking area around 2 oklob plants as unsafe for travelling. 2 oklob plants come into view.
As you read the scroll labelled MIJENU ONIUNINT, it crumbles to dust.
You assume a fearsome visage.
The oklob plant is unaffected. x2
It was a scroll of fear.
Unknown command.
As you read the scroll labelled NAWNOURCHOE, it crumbles to dust.
It is a scroll of enchant weapon.
Your +0 war axe glows red for a moment.
The oklob plant spits acid at you. The splash of acid hits you!!
The oklob plant spits acid at you. The splash of acid hits you!!
* * * LOW HITPOINT WARNING * * *
The acid corrodes you!
There is a stone staircase leading up here.
The oklob plant spits acid at you. The splash of acid hits you!!!
Ouch! That really hurt!
You die...

........## #....###...###..##.#
......#..#####....#.....##......#
....#.#.....................#...#
....#########..###......######.##
....###### #...........## #....#
.........## #..###.......# ##.###
.)........####.##..P.....## #.##.
..........?# #............###.#..
..........####..@..........#.....
...............###...............
##...........#.#.##.P......†)....
########.(......##....†.........
8# #.##...#.....#.####......
..8##.##...#..####..# #.....#
...##.....##... .#..#####...#
..._#........# ......####..'
...##...#....#..........##.##


You could see 2 oklob plants.

Vanquished Creatures
  A black bear (D:4)
  A scorpion (D:4)
  A water moccasin skeleton (D:4)
  A howler monkey (D:4)
  Jessica (D:2)
  A hound skeleton (D:4)
  7 adders
  2 worms
  4 dart slugs
  An orc (D:4)
  4 ball pythons
  10 bats
  6 endoplasms
  8 goblins
  8 hobgoblins
  2 jackals (D:3)
  2 quokkas
  4 frilled lizards
  12 kobolds
  2 rats
78 creatures vanquished.

Notes
Turn   | Place    | Note
-------+----------+-------------------------------------------
     0 | D:1      | Bediveer the Minotaur Fighter began the quest for the Orb.
     0 | D:1      | Reached XP level 1. HP: 19/19 MP: 0/0
    75 | D:1      | Found a faded altar of an unknown god.
    81 | D:1      | Prayed at the altar of an unknown god.
    81 | D:1      | Became a worshipper of Fedhas Madash
    81 | D:1      | Reached * piety under Fedhas
   135 | D:1      | Reached skill level 4 in Fighting
   135 | D:1      | Reached XP level 2. HP: 27/27 MP: 1/1
   660 | D:2      | Noticed Jessica
   664 | D:2      | Killed Jessica
   665 | D:2      | Reached XP level 3. HP: 34/34 MP: 2/2
   835 | D:2      | Reached ** piety under Fedhas
  1059 | D:2      | Reached XP level 4. HP: 41/41 MP: 3/3
  1307 | D:2      | Reached skill level 5 in Fighting
  2264 | D:3      | Reached XP level 5. HP: 48/48 MP: 4/4
  2439 | D:4      | Noticed a black bear
  2448 | D:4      | Killed a black bear
  2448 | D:4      | Reached *** piety under Fedhas
  2590 | D:4      | Found a sparkling altar of Nemelex Xobeh.
  2666 | D:4      | Found Pypoust's Armour Shop.
  2668 | D:4      | Found Tifygh's Antique Weapon Boutique.
  2670 | D:4      | Found Paigguwu's Magic Scroll Shop.
  2686 | D:4      | Reached skill level 5 in Axes
  2686 | D:4      | Reached skill level 5 in Armour
  2686 | D:4      | Reached XP level 6. HP: 56/57 MP: 5/5
  2907 | D:4      | Found a blossoming altar of Fedhas.
  2914 | D:4      | Found a staircase to the Ecumenical Temple.
  2915 | D:4      | Fell from the grace of Fedhas
  2921 | Temple   | Entered the Ecumenical Temple
  2979 | Temple   | Became a worshipper of Hepliaklqana the Forgotten
  3062 | D:4      | Reached skill level 6 in Fighting
  3210 | D:4      | Noticed an oklob plant
  3210 | D:4      | Noticed an oklob plant
  3213 | D:4      | Killed from afar by an oklob plant

Illustrated notes

Levels and vault maps discovered:
D:1:      onia_arrival_pyramid, layout_basic, chequers_ecumenical_altar_simple
D:2:      layout_basic, minmay_guardbox, uniq_jessica
D:3:      layout_basic
D:4:      layout_cave_pools, mainiacjoe_overflow_small_starburst,
          nicolae_overflow_hidden_temple, minmay_temple_entry_enclosed_plants,
          nicolae_wooded_promenade
Temple:   nicolae_temple_figure_zero

Skill      XL: |  1  2  3  4  5  6 |
---------------+-------------------+-----
Fighting       | 4 5 6 |  6.0
Axes           | 3 4 5 |  5.3
Armour         | 4 5 |  5.3
Shields        | 4 |  4.6

Action                   |  1- 3 |  4- 6 || total
-------------------------+-------+-------++-------
Melee: War axe           |    52 |   120 ||   172
       Headbutt          |     7 |    20 ||    27
Invok: Renounce Religion |       |     1 ||     1
  Use: Scroll            |       |    10 ||    10
Armor: Scale mail        |    27 |    61 ||    88
Dodge: Dodged            |    21 |    42 ||    63
Block: Buckler           |     6 |       ||     6
       Kite shield       |    17 |    64 ||    81

Table legend: (Time is in decaauts)
 A = Elapsed time spent in this place.
 B = Non-inter-level travel time spent in this place.
 C = Inter-level travel time spent in this place.
 D = Time resting spent in this place.
 E = Time spent auto-exploring this place.
 F = Levels seen in this place.
 G = Mean time per level.
                   A        B        C        D        E       F      G
               +--------+--------+--------+--------+--------+-----+--------+
         Total |   3290 |   3000 |    290 |    158 |   2297 |   5 |  658.0 |
       Dungeon |   3163 |   2887 |    276 |    158 |   2188 |   4 |  790.8 |
        Temple |    126 |    112 |     14 |      0 |    109 |   1 |  126.0 |
               +--------+--------+--------+--------+--------+-----+--------+

Top non-repeatable levels by time:
     D:2: 1128 daAuts
     D:3: 713 daAuts
     D:4: 670 daAuts
     D:1: 651 daAuts
  Temple: 126 daAuts
